 Dungeon Crawl Stone Soup version 0.22.0-6-g71bd7aa (webtiles) character file.

179 Amnesiac the Gusty (level 5, -4/35 HPs)
             Began as a Mummy Air Elementalist on Aug 15, 2018.
             Slain by an orc warrior
             ... wielding a +0 war axe
              (22 damage)
             ... on level 4 of the Dungeon.
             The game lasted 00:04:24 (1358 turns).

Amnesiac the Gusty (Mummy Air Elementalist)         Turns: 1358, Time: 00:04:25

Health: -4/35      AC:  5    Str: 12    XL:     5   Next: 33%
Magic:  10/10      EV: 11    Int: 15    God:
Gold:   47         SH:  0    Dex: 12    Spells: 3/10 levels left

rFire    x . .     SeeInvis .   a - +0 hunting sling
rCold    + + .     Gourm    .   (no shield)
rNeg     + + +     Faith    .   i - +2 leather armour {rC+}
rPois    ∞         Spirit   .   (no helmet)
rElec    .         Reflect  .   (no cloak)
rCorr    .         Harm     .   (no gloves)
MR       .....                  (no boots)
Stlth    +.........             k - amulet of rage
HPRegen  0.11/turn              (no ring)
MPRegen  0.12/turn              (no ring)

@: about to teleport
A: no food or potions, fire vulnerability, cold resistance 1, negative energy
resistance 3, torment resistance, unbreathing
a: no special abilities


You were on level 4 of the Dungeon.
You were not hungry.

You visited 1 branch of the dungeon, and saw 5 of its levels.

You collected 47 gold pieces.

Inventory:

Hand Weapons
 a - a +0 hunting sling (weapon)
 b - a +0 short sword
 d - a +0 dagger of freezing
 l - a +2 spear of venom
Missiles
 c - 49 stones (quivered)
Armour
 e - a +0 large shield
 i - a +2 leather armour of cold resistance (worn)
Jewellery
 k - an amulet of rage (around neck)
Scrolls
 f - a scroll of enchant armour {!r, unknown}
 g - 2 scrolls of identify {!r}
 j - a scroll of amnesia {!r}


   Skills:
 - Level 1.5 Dodging
 - Level 1.5 Stealth
 + Level 3.3 Spellcasting
 * Level 3.3 Conjurations
 * Level 3.4 Air Magic


You had 3 spell levels left.
You knew the following spells:

 Your Spells              Type           Power        Failure   Level  Hunger
a - Shock                 Conj/Air       ##..         6%          1    N/A
d - Airstrike             Air            ##........   52%         4    N/A
z - Swiftness             Chrm/Air       #.......     19%         2    N/A

Your spell library contained the following spells:

 Spells                   Type           Power        Failure   Level  Hunger
 Lightning Bolt           Conj/Air       ##........   86%         5    N/A
 Static Discharge         Conj/Air       ##......     19%         3    N/A

Dungeon Overview and Level Annotations

Branches:
Dungeon (5/15)
 Temple: D:4-7

Altars:

Shops:
D:4 ?


Innate Abilities, Weirdness & Mutations

You do not eat or drink.
Your flesh is vulnerable to fire.
You are immune to poison.
Your flesh is cold resistant. (rC+)
You are immune to negative energy. (rN+++)
You are immune to unholy pain and torment.
You can survive without breathing.


Message History

Aiming: Shock (safe; 7% risk of failure)
Press: ? - help, Shift-Dir - straight line, f/p - hound
Aim: a hound (almost dead)
The zap hits the hound.
You kill the hound!
You have reached level 5!
You feel stronger.
The zap hits something.
The zap hits the worker ant.
The worker ant is severely wounded.
The zap hits the worker ant.
The worker ant is almost dead.
Casting: Shock (safe; 6% risk of failure)
Confirm with . or Enter, or press ? or * to list all spells.
Aiming: Shock (safe; 6% risk of failure)
Press: ? - help, Shift-Dir - straight line, f - worker ant
Aim: a worker ant (almost dead)
The zap hits the worker ant.
You kill the worker ant!
Something hits you.
* * * LOW HITPOINT WARNING * * *
Something shocks you.
* * * LOW HITPOINT WARNING * * *
A sky beast appears from thin air!
Reactivating autopickup.
The sky beast flickers out of sight!
Deactivating autopickup; reactivate with Ctrl-A.
A sky beast appears from thin air!
Reactivating autopickup.
The sky beast flickers out of sight!
Deactivating autopickup; reactivate with Ctrl-A.
A sky beast appears from thin air!
Reactivating autopickup. 2 orcs come into view.
An orc comes into view. It is wielding a club.
The orc shouts! x3
The sky beast flickers out of sight!
Deactivating autopickup; reactivate with Ctrl-A.
A sky beast appears from thin air!
Reactivating autopickup.
Found a stone staircase leading up.
The sky beast flickers out of sight!
Deactivating autopickup; reactivate with Ctrl-A.
A sky beast appears from thin air!
Reactivating autopickup.
There is a stone staircase leading up here.
The sky beast flickers out of sight!
Deactivating autopickup; reactivate with Ctrl-A.
A sky beast appears from thin air!
Reactivating autopickup.
There is a stone staircase leading up here.
You climb upwards.
There is a stone staircase leading down here.
Really read
g - 3 scrolls labeled IKLEHYG EPUGHAD {!r}?
As you read the scroll labeled IKLEHYG EPUGHAD {!r}, it crumbles to dust.
It is a scroll of identify.
j - a scroll of amnesia {!r} Put on which piece of jewellery? (? for menu, Esc to quit)
k - an amulet of rage (around neck) Really read
h - a scroll labeled WEL SAC UPPEPS {!r}?
As you read the scroll labeled WEL SAC UPPEPS {!r}, it crumbles to dust.
You feel strangely unstable.
It was a scroll of teleportation {!r}.
The orc warrior hits you with a war axe!!
Ouch! That really hurt!
You die...

.................
..........#######
..........#
..........#
#.........########
#................#
##.#.#...$.....>.#
...#.#.........o.#
####.#..........@#
.....#...........#
######....>......#
# #...........# #
#......?....#
######...........#
...........(.....#
.......###########
.......+


You could see an orc warrior.

Vanquished Creatures
  2 hounds
  2 worker ants
  2 adders (D:3)
  2 oozes
  A worm (D:2)
  2 leopard geckos (D:3)
  5 orcs
  3 bats (D:3)
  A giant cockroach (D:3)
  4 goblins
  4 hobgoblins
  5 kobolds
  5 rats
38 creatures vanquished.

Notes
Turn   | Place    | Note
-------+----------+-------------------------------------------
     0 | D:1      | Amnesiac the Mummy Air Elementalist began the quest for the Orb.
     0 | D:1      | Reached XP level 1. HP: 13/13 MP: 4/4
   316 | D:2      | Reached skill level 1 in Conjurations
   358 | D:2      | Reached XP level 2. HP: 19/19 MP: 5/5
   366 | D:2      | Learned a level 2 spell: Swiftness
   599 | D:3      | Reached XP level 3. HP: 20/24 MP: 4/7
   821 | D:4      | Noticed an orc warrior
  1055 | D:4      | Found Bileig's Magic Scroll Shop.
  1147 | D:4      | Reached XP level 4. HP: 30/30 MP: 5/8
  1156 | D:4      | Learned a level 4 spell: Airstrike
  1253 | D:5      | Entered Level 5 of the Dungeon
  1255 | D:5      | Noticed a sky beast
  1269 | D:5      | Reached XP level 5. HP: 15/35 MP: 1/9
  1358 | D:4      | Slain by an orc warrior

Skill      XL: |  1  2  3  4 |
---------------+-------------+-----
Conjurations   | 1 2 3 |  3.3
Spellcasting   | 3 |  3.3
Air Magic      | 3 |  3.4
Dodging        | |  1.5
Stealth        | |  1.5

Action                   |  1- 3 |  4- 6 || total
-------------------------+-------+-------++-------
Melee: Short sword       |    13 |       ||    13
 Fire: Hunting sling     |    38 |     2 ||    40
 Cast: Shock             |    41 |    18 ||    59
  Use: Scroll            |       |     2 ||     2
Armor: Robe              |     8 |       ||     8
       Leather armour    |       |     5 ||     5
Dodge: Dodged            |    30 |    16 ||    46
